 Dungeon Sprint DCSS version 0.22.1-1-ga44c0e56f4 (webtiles) character file.

190 MuseOD the Covert (level 5, -12/29 HPs)
             Began as a Spriggan Enchanter on Sept 30, 2018.
             Was an Initiate of Dithmenos.
             Mangled by a jumping spider (14 damage)
             ... summoned by a deep elf mage
             ... in the Dungeon (Sprint III: "The Ten Rune Challenge").
             The game lasted 00:02:44 (966 turns).

MuseOD the Covert (Spriggan Enchanter)               Turns: 966, Time: 00:02:45

Health: -12/29     AC:  3    Str:  4    XL:     5   Next: 41%
Magic:  3/13       EV: 18    Int: 18    God:    Dithmenos [......]
Gold:   36         SH:  0    Dex: 16    Spells: 2/14 levels left

rFire    . . .     SeeInvis +   a - +1 dagger
rCold    . . .     Gourm    .   (shield restricted)
rNeg     . . .     Faith    .   k - +0 robe {MR+}
rPois    .         Spirit   .   (helmet restricted)
rElec    .         Reflect  .   l - +0 cloak
rCorr    .         Harm     .   (gloves unavailable)
MR       +....     NoTele   +   (boots unavailable)
Stlth    ++++......             (no amulet)
HPRegen  0.09/turn              (no ring)
MPRegen  0.13/turn              (no ring)

@: very quick
A: very small, unfitting armour, see invisible, herbivore, speed 3, slow
metabolism 2
a: Renounce Religion


You were in the Dungeon.
You worshipped Dithmenos.
Dithmenos was noncommittal.
You were not hungry.

You visited 1 branch You collected 36 gold pieces.

Inventory:

Hand Weapons
 a - a +1 dagger (weapon)
Armour
 b - a +0 robe
 k - a +0 robe of magic resistance (worn)
 l - a +0 cloak (worn)
Wands
 s - a wand of random effects (28)
Scrolls
 c - a scroll of random uselessness {unknown}
 j - a scroll of blinking
 n - a scroll of torment {unknown}
 o - 4 scrolls of remove curse
 q - a scroll of holy word {unknown}
 r - 2 scrolls of identify
Potions
 e - 3 potions of curing
 f - 2 potions of heal wounds
 g - 2 potions of haste
 h - 2 potions of magic
 i - a potion of berserk rage
 m - 2 potions of mutation {unknown}
 p - a potion of agility {unknown}
Comestibles
 d - 3 rations


   Skills:
 + Level 4.1 Fighting
 * Level 8.2 Short Blades
 - Level 3.0 Dodging
 + Level 9.3 Stealth
 + Level 5.3 Spellcasting
 - Level 3.6 Hexes


You had 2 spell levels left.
You knew the following spells:

 Your Spells              Type           Power        Failure   Level  Hunger
a - Corona                Hex            ###....      3%          1    None
b - Ensorcelled Hibernat  Hex/Ice        ##....       10%         2    #......
c - Confuse               Hex            ###.....     9%          3    ##.....
d - Dazzling Spray        Conj/Hex       ##....       19%         3    ##.....
e - Tukima's Dance        Hex            ###.....     9%          3    ##.....

Your spell library contained the following spells:

 Spells                   Type           Power        Failure   Level  Hunger


Dungeon Overview and Level Annotations

Branches:
Dungeon (1/1)

Altars:
Dithmenos
Elyvilon
Ru
Yredelemnul
Zin
The Shining One


Innate Abilities, Weirdness & Mutations

You are very small and have problems with some larger weapons.
You are too small for most types of armour.
You have supernaturally acute eyesight. (SInv)
You are a herbivore.
You cover ground extremely quickly.
You need to consume almost no food.


Message History

The deep elf mage is no longer blind.
The hell rat misses you. The jumping spider misses you.
The jumping spider bites you but does no damage.
You closely miss the deep elf mage.
The deep elf mage is almost dead.
The deep elf mage hits you with a long sword of holy wrath.
The jumping spider barely misses you.
The jumping spider completely misses you.
The hell rat bites you!
* * * LOW HITPOINT WARNING * * *
Casting: Dazzling Spray (safe; 19% risk of failure)
Confirm with . or Enter, or press ? or * to list all spells.
You don't have enough magic to cast that spell.
Evoke which item? (* to show all) (? for menu, Esc to quit)
Aiming: Random Effects
Press: ? - help, Shift-Dir - straight line, f/p - deep elf mage
Aim: a deep elf mage, wielding a long sword of holy wrath (almost dead)
The puff of frost misses the deep elf mage.
The jumping spider pounces on you!
You die...

▓▓▓▓▓▓▓▓ ▓▓▓ .'...♣.♣♣
♣.##### #### .#....♣.♣
♣.#_rs# #__# ##....♣.♣
♣♣.#.es# #†_#
.#....≈♣♣♣♣..###@#+###'##
.#...≈≈♣.♣.♣.#..s.......#
)#..≈≈≈≈♣....'.⌠........#
'#..≈≈≈≈≈≈♣♣.#...######+#
.#.≈≈≈≈≈≈....#.⌠.#
.#.≈≈)≈≈.....#...#
.#.≈≈≈.......#+###
##...........#
.............#


You could see a deep elf mage, 2 jumping spiders, a redback and a hell rat.

Vanquished Creatures
  A necrophage (D)
  Crazy Yiuf (D)
  Jessica (D)
  A necromancer (D)
  A human (D)
  An ooze (D)
  2 rats (D)
8 creatures vanquished.

Vanquished Creatures (others)
  2 draconian scorchers (D)
  6 hellions (D)
  A yaktaur (D)
9 creatures vanquished.

Grand Total: 17 creatures vanquished

Notes
Turn   | Place    | Note
-------+----------+-------------------------------------------
     0 | D        | MuseOD the Spriggan Enchanter began the quest for the Orb.
     0 | D        | Reached XP level 1. HP: 9/9 MP: 5/5
     4 | D        | Reached skill level 1 in Fighting
     4 | D        | Reached skill level 5 in Stealth
    12 | D        | Noticed Jessica
    31 | D        | Killed a yaktaur
   122 | D        | Killed a hellion
   124 | D        | Killed a hellion
   124 | D        | Killed a hellion
   157 | D        | Killed a hellion
   160 | D        | Killed a hellion
   171 | D        | Killed a hellion
   235 | D        | Killed a white draconian scorcher
   253 | D        | Killed a white draconian scorcher
   286 | D        | Killed Jessica
   286 | D        | Reached skill level 6 in Stealth
   286 | D        | Reached XP level 2. HP: 6/15 MP: 3/6
   286 | D        | Reached XP level 3. HP: 7/18 MP: 4/8
   290 | D        | Learned a level 2 spell: Ensorcelled Hibernation
   294 | D        | Learned a level 3 spell: Confuse
   542 | D        | Reached skill level 5 in Short Blades
   542 | D        | Reached skill level 7 in Stealth
   546 | D        | Noticed Crazy Yiuf
   700 | D        | Killed Crazy Yiuf
   700 | D        | Reached XP level 4. HP: 24/24 MP: 7/10
   737 | D        | Noticed a water elemental
   748 | D        | Learned a level 3 spell: Dazzling Spray
   908 | D        | Found a basalt altar of Yredelemnul.
   908 | D        | Found a shadowy altar of Dithmenos.
   908 | D        | Found a sacrificial altar of Ru.
   908 | D        | Noticed a necrophage
   910 | D        | Reached skill level 8 in Stealth
   911 | D        | Killed a necrophage
   911 | D        | Reached skill level 9 in Stealth
   911 | D        | Reached skill level 5 in Spellcasting
   911 | D        | Reached XP level 5. HP: 29/29 MP: 10/13
   918 | D        | Learned a level 3 spell: Tukima's Dance
   919 | D        | Became a worshipper of Dithmenos the Shadowed
   940 | D        | Found a glowing silver altar of Zin.
   940 | D        | Found a glowing golden altar of the Shining One.
   940 | D        | Found a white marble altar of Elyvilon.
   940 | D        | Noticed a deep elf mage
   959 | D        | Noticed a jumping spider
   962 | D        | Noticed a jumping spider
   962 | D        | Noticed a redback
   966 | D        | Mangled by a jumping spider

Skill      XL: |  1  2  3  4 |
---------------+-------------+-----
Fighting       | 2 3 4 |  4.1
Short Blades   | 4 6 8 |  8.2
Stealth        | 6 7 9 |  9.3
Spellcasting   | 3 5 |  5.3
Dodging        | |  3.0
Hexes          | |  3.6

Action                   |  1- 3 |  4- 6 || total
-------------------------+-------+-------++-------
Melee: Dagger            |    19 |    17 ||    36
 Cast: Corona            |     2 |       ||     2
       Ensorcelled Hiber |     3 |       ||     3
       Dazzling Spray    |       |     5 ||     5
       Confuse           |       |     2 ||     2
Evoke: Wand              |       |     1 ||     1
 Stab: Sleeping          |     5 |     2 ||     7
       Confused          |       |     1 ||     1
Armor: Robe              |       |     1 ||     1
Dodge: Dodged            |     7 |    15 ||    22
